 Dungeon Crawl Stone Soup version 0.24.0-1-gfbc8707 (webtiles) character file.

Game seed: 8146735305682028522, levelgen mode: deterministic

13129 TheDoctor the Martial Artist (level 12, -12/92 HPs)
             Began as an Octopode Transmuter on Nov 6, 2019.
             Was a High Priest of Okawaru.
             Mangled by an eight-headed hydra (18 damage)
             ... on level 2 of the Lair of Beasts.
             The game lasted 00:33:58 (20182 turns).

TheDoctor the Martial Artist (Octopode Transmuter) Turns: 20182, Time: 00:33:59

Health: -12/92     AC:  7    Str: 10    XL:     12   Next: 2%
Magic:  8/25       EV: 13    Int: 18    God:    Okawaru [*****.]
Gold:   706        SH:  0    Dex: 14    Spells: 10/29 levels left

rFire    . . .     SeeInvis .     - Unarmed
rCold    + + +     Gourm    +   (shield currently unavailable)
rNeg     . . .     Faith    .   (helmet currently unavailable)
rPois    +         Spirit   .   H - amulet of the gourmand
rElec    .         Reflect  .   (no ring)
rCorr    .         Harm     .   F - ring of protection from fire
MR       .....                  (no ring)
Stlth    +.........             (no ring)
HPRegen  0.25/turn              (no ring)
MPRegen  0.19/turn              (no ring)
                                (no ring)
                                (no ring)

@: ice-form
A: large, almost no armour, stealthy swim, amphibious, 8 rings, (constrict 8)
a: End Transformation, Heroism, Finesse, Renounce Religion


You were on level 2 of the Lair of Beasts.
You worshipped Okawaru.
Okawaru was extremely pleased with you.
You were not hungry.
You were a creature of crystalline ice.
You visited 3 branches of the dungeon, and saw 14 of its levels.
You also visited: Ossuary.

You collected 706 gold pieces.

Inventory:

Missiles
 a - 180 arrows
 I - 7 curare-tipped darts (quivered)
Armour
 E - a +0 buckler
Jewellery
 j - an uncursed ring of fire
 F - a ring of protection from fire (right front paw)
 H - an amulet of the gourmand (around neck)
 J - an uncursed amulet of magic regeneration
Wands
 x - a wand of scattershot (3)
 A - a wand of paralysis (13)
 G - a wand of digging (3)
Scrolls
 e - 2 scrolls of fog
 f - 5 scrolls of teleportation
 g - 4 scrolls of fear
 k - a scroll of blinking
 l - 2 scrolls of amnesia
 m - 7 scrolls of remove curse
 r - a scroll of summoning {unknown}
 t - a scroll of identify
 y - 4 scrolls of enchant weapon
 C - a scroll of enchant armour
Potions
 b - 2 potions of magic {unknown}
 d - 2 potions of mutation {unknown}
 h - 2 potions of ambrosia {unknown}
 i - 3 potions of berserk rage {unknown}
 n - 2 potions of lignification {unknown}
 o - a potion of haste {unknown}
 p - 2 potions of might
 q - 9 potions of curing
 s - 4 potions of brilliance
 v - 2 potions of heal wounds
 w - a potion of cancellation {unknown}
 z - 4 potions of resistance {unknown}
 B - a potion of flight {unknown}
 D - a potion of agility {unknown}
Comestibles
 c - 17 rations


   Skills:
 - Level 5.1 Fighting
 - Level 6.0 Dodging
 - Level 10.0 Unarmed Combat
 - Level 9.2 Spellcasting
 - Level 8.3 Transmutations
 - Level 4.0 Ice Magic
 + Level 3.1 Earth Magic
 - Level 5.0 Poison Magic
 + Level 2.7 Invocations


You had 10 spell levels left.
You knew the following spells:

 Your Spells              Type           Power        Failure   Level  Hunger
a - Beastly Appendage     Tmut           #####.       1%          1    None
b - Sticks to Snakes      Tmut           #####...     1%          2    None
c - Spider Form           Tmut/Pois      ####......   1%          3    None
d - Ice Form              Ice/Tmut       ####....     7%          4    ###....
e - Petrify               Tmut/Erth      ####....     9%          4    ###....
f - Blade Hands           Tmut           #####.....   8%          5    #####..

Your spell library contained the following spells:

 Spells                   Type           Power        Failure   Level  Hunger
 Freeze                   Ice            ###.         1%          1    None
 Throw Frost              Conj/Ice       ###...       6%          2    None
 Animate Skeleton         Necr           N/A          9%          1    None
 Confusing Touch          Hex            #.....       9%          1    None
 Pain                     Necr           #...         9%          1    None
 Summon Small Mammal      Summ           #...         9%          1    None
 Ozocubu's Armour         Chrm/Ice       ###.....     12%         3    None
 Call Imp                 Summ           #.......     13%         2    None
 Call Canine Familiar     Summ           #.......     26%         3    None
 Confuse                  Hex            #.......     26%         3    None
 Gell's Gravitas          Tloc           #.........   26%         3    None
 Regeneration             Chrm/Necr      #.........   26%         3    None
 Summon Guardian Golem    Hex/Summ       #.......     26%         3    None
 Vampiric Draining        Necr           #.........   26%         3    None
 Summon Ice Beast         Ice/Summ       ###.....     36%         4    ###....
 Throw Icicle             Conj/Ice       ###.....     36%         4    ###....
 Yara's Violent Unravell  Hex/Tmut       ###.......   41%         5    #####..
 Animate Dead             Necr           N/A          65%         4    ###....
 Summon Lightning Spire   Summ/Air       #.......     65%         4    ###....
 Metabolic Englaciation   Hex/Ice        ###.......   71%         5    #####..


Dungeon Overview and Level Annotations

Branches:
Dungeon (11/15)            Temple (1/1) D:6            Lair (2/6) D:10
Ossuary (visited)
  Swamp: Lair:2-4    Shoals: Lair:2-4     Snake: Lair:2-4    Spider: Lair:2-4
    Orc: D:9-12

Altars:
Ashenzari
Cheibriados
Dithmenos
Elyvilon
Fedhas
Gozag
Hepliaklqana
Kikubaaqudgha
Makhleb
Nemelex Xobeh
Okawaru
Qazlal
Ru
Sif Muna
Trog
Uskayaw
Vehumet
Wu Jian
Xom
Yredelemnul
Zin
The Shining One


Innate Abilities, Weirdness & Mutations

You cannot wear most types of armour.
You are very stealthy in the water. (Stealth+)
You are amphibious.
You can wear up to eight rings at the same time.
((You can use your tentacles to constrict eight enemies at once.))
((Your skin changes colour to match your surroundings (Stealth+).))
((Your rubbery body absorbs attacks. (AC +1, EV +1)))


Message History

You pummel the eight-headed hydra!! You freeze the eight-headed hydra!
The eight-headed hydra is heavily wounded.
The helpless eight-headed hydra fails to defend itself.
You punch the eight-headed hydra! You freeze the eight-headed hydra.
The eight-headed hydra is heavily wounded.
The helpless eight-headed hydra fails to defend itself.
You hit the eight-headed hydra. You freeze the eight-headed hydra.
The eight-headed hydra is severely wounded.
The helpless eight-headed hydra fails to defend itself.
You punch the eight-headed hydra! You freeze the eight-headed hydra.
The eight-headed hydra is severely wounded.
The eight-headed hydra is no longer petrified.
The eight-headed hydra closely misses you.
The eight-headed hydra bites you. The eight-headed hydra bites you! x2
* * * LOW HITPOINT WARNING * * *
The eight-headed hydra bites you!
* * * LOW HITPOINT WARNING * * *
The eight-headed hydra closely misses you.
The eight-headed hydra bites you!!
You die...

.###.#.##.##..........#.....##.##
###...##..#.......)...#.....##...
#........##....#...........##...
#P........#.....#.....#.....#....
..........##................##...
.####..P#.##................P#...
. .......#.....รท....#.....####.
................#.#.........#.
...........DY................
.............................
.......................[.....
##..+##...##.##.###.......... #Y.
#....####### #....#...## ...
##..## ##### #....#.#+.. P. +..P#
#.#P###....#..... #..##
#...##......#.... ... #...#
#..###...........


You could see an eight-headed hydra.

Vanquished Creatures
  A two-headed ogre (D:10)
  Sonja (D:10)
  Pikel (D:6)
  A black mamba (Lair:1)
  4 spiny frogs
  A queen bee (D:9)
  A hornet (D:9)
  3 hippogriffs
  A spriggan (D:9)
  Sigmund (D:5)
  6 yaks
  A wyvern (D:8)
  Eustachio (D:4)
  2 basilisks (Lair:1)
  A hungry ghost (D:10)
  A soldier ant (D:8)
  6 porcupines
  Duvessa (D:7)
  5 water moccasins
  3 orc warriors (D:8)
  4 sky beasts
  3 slaves (D:6)
  2 phantoms
  3 black bears
  5 ice beasts
  3 ogres
  An eye of draining (D:10)
  2 wolves
  3 centaurs
  5 crocodiles
  A big kobold (D:9)
  Blork the orc (D:4)
  5 bullfrogs
  A wyvern zombie (D:8)
  Dowan (D:7)
  3 scorpions
  17 killer bees (D:9)
  8 wights
  4 howler monkeys
  2 crimson imps
  A centaur zombie (Ossuary)
  3 jellies
  A bullfrog skeleton (D:5)
  4 orc priests
  4 hounds
  3 orc wizards
  3 iguanas
  4 worker ants
  A big kobold zombie (Ossuary)
  A hound zombie (D:5)
  3 mummies (Ossuary)
  A hound skeleton (D:5)
  4 worker ant zombies
  3 gnolls (D:3)
  8 adders
  3 shadow imps
  An adder skeleton (D:7)
  3 worms
  2 dart slugs (D:2)
  5 leopard geckos
  38 orcs
  8 bats
  4 giant cockroaches
  2 gnoll zombies (Ossuary)
  4 hobgoblins
  4 jackals
  7 kobolds
  4 quokkas
  2 ball pythons (D:1)
  5 frilled lizards
  8 goblins
  A goblin zombie (Ossuary)
  A hobgoblin zombie (Ossuary)
  2 jackal zombies
  3 leopard gecko skeletons
  2 orc zombies (Ossuary)
  8 rats
277 creatures vanquished.

Vanquished Creatures (collateral kills)
  A troll (D:9)
  A necrophage (D:10)
  A scorpion (D:4)
  A centaur skeleton (D:10)
  An iguana (D:10)
5 creatures vanquished.

Vanquished Creatures (others)
  A bush (D:10)
  4 fungi
  8 plants
13 creatures vanquished.

Grand Total: 295 creatures vanquished

Notes
Turn   | Place    | Note
-------+----------+-------------------------------------------
     0 | D:1      | TheDoctor the Octopode Transmuter began the quest for the
                  | Orb.
     0 | D:1      | Reached XP level 1. HP: 13/13 MP: 3/3
   331 | D:1      | Reached XP level 2. HP: 18/18 MP: 5/5
   367 | D:1      | Learned a level 2 spell: Sticks to Snakes
   836 | D:2      | Reached XP level 3. HP: 22/23 MP: 6/6
   841 | D:2      | Learned a level 3 spell: Spider Form
  1608 | D:2      | Reached XP level 4. HP: 27/28 MP: 5/7
  1638 | D:2      | Reached skill level 4 in Unarmed Combat
  1816 | D:3      | Found a glowing silver altar of Zin.
  2093 | D:3      | Reached XP level 5. HP: 31/33 MP: 6/8
  2505 | D:3      | Found a sacrificial altar of Ru.
  2961 | D:4      | Noticed Blork the orc
  2982 | D:4      | Killed Blork the orc
  2982 | D:4      | Reached skill level 5 in Unarmed Combat
  2982 | D:4      | Reached XP level 6. HP: 30/38 MP: 6/9
  3120 | D:4      | Found a sand-covered staircase.
  3388 | Ossuary  | Entered an ossuary
  3557 | Ossuary  | Reached skill level 1 in Poison Magic
  3710 | Ossuary  | Reached skill level 5 in Transmutations
  4461 | D:4      | Noticed Eustachio
  4499 | D:4      | Killed Eustachio
  4499 | D:4      | Reached XP level 7. HP: 39/43 MP: 6/10
  5089 | D:4      | You fall into a shaft and drop 1 floor!
  5089 | D:5      | Entered Level 5 of the Dungeon
  5090 | D:5      | Noticed Sigmund
  5286 | D:5      | Killed Sigmund
  5908 | D:5      | Reached XP level 8. HP: 45/48 MP: 8/11
  5944 | D:5      | Found a sparkling altar of Nemelex Xobeh.
  5970 | D:5      | Reached skill level 5 in Poison Magic
  6761 | D:6      | Found an iron altar of Okawaru.
  7211 | D:6      | Became a worshipper of Warmaster Okawaru
  7987 | D:6      | Learned a level 4 spell: Ice Form
  8001 | D:6      | Found a staircase to the Ecumenical Temple.
  8014 | Temple   | Entered the Ecumenical Temple
  8108 | D:6      | Noticed Pikel
  8135 | D:6      | Killed Pikel
  8135 | D:6      | Reached * piety under Okawaru
  8135 | D:6      | Reached XP level 9. HP: 37/53 MP: 13/16
  8145 | D:6      | Reached skill level 5 in Spellcasting
  8589 | D:7      | Found a stormy altar of Qazlal.
  8599 | D:7      | Reached skill level 1 in Ice Magic
  8652 | D:7      | Found a shadowy altar of Dithmenos.
  8652 | D:7      | Found a burning altar of Makhleb.
  9320 | D:7      | Noticed Duvessa
  9339 | D:7      | Killed Duvessa
  9349 | D:7      | Found a blossoming altar of Fedhas.
  9498 | D:7      | Noticed Dowan
  9509 | D:7      | Killed Dowan
  9598 | D:8      | Noticed a two-headed ogre
  9680 | D:8      | Found a radiant altar of Vehumet.
 10470 | D:8      | Reached ** piety under Okawaru
 11568 | D:8      | Learned a level 4 spell: Petrify
 11582 | D:9      | Reached XP level 10. HP: 64/64 MP: 15/20
 12306 | D:9      | Reached skill level 5 in Fighting
 12810 | D:9      | Reached *** piety under Okawaru
 13233 | D:9      | Reached skill level 6 in Unarmed Combat
 14858 | D:9      | Reached skill level 7 in Unarmed Combat
 15323 | D:10     | Entered Level 10 of the Dungeon
 15337 | D:9      | Reached **** piety under Okawaru
 15482 | D:10     | Noticed Sonja
 15626 | D:10     | Killed Sonja
 15626 | D:10     | Reached XP level 11. HP: 62/71 MP: 19/24
 15797 | D:10     | Learned a level 5 spell: Blade Hands
 15830 | D:10     | Reached skill level 8 in Unarmed Combat
 15864 | D:10     | Noticed a two-headed ogre
 15877 | D:10     | Killed a two-headed ogre
 17333 | D:10     | Reached ***** piety under Okawaru
 17471 | D:10     | Found a staircase to the Lair.
 17479 | D:10     | Reached skill level 9 in Unarmed Combat
 18129 | Lair:1   | Entered Level 1 of the Lair of Beasts
 18138 | Lair:1   | Reached skill level 5 in Dodging
 18363 | Lair:1   | Found a hazy altar of Hepliaklqana.
 19256 | Lair:2   | Reached skill level 1 in Earth Magic
 19402 | Lair:2   | Reached skill level 10 in Unarmed Combat
 19500 | Lair:2   | Reached skill level 1 in Invocations
 19507 | Lair:2   | Noticed a catoblepas
 19567 | Lair:1   | Received a gift from Okawaru
 19792 | Lair:2   | Reached XP level 12. HP: 36/77 MP: 22/25
 20162 | Lair:2   | Noticed an eight-headed hydra
 20182 | Lair:2   | Mangled by an eight-headed hydra

Levels and vault maps discovered:
D:1:      lemuel_arrival_cross, layout_rooms, minmay_pentomino_t2
D:2:      layout_basic
D:3:      layout_loops_ring, lemuel_doored_altar, hangedman_ru_absence,
          first_ration
D:4:      layout_layer_cave, nicolae_ossuary_entry_monument, uniq_eustachio,
          uniq_blork_the_orc
D:5:      layout_basic, nemelex_altar_shiori, serial_corexii_hall,
          corexii_hall_statues_i, corexii_hall_statues_deadend, uniq_sigmund
D:6:      layout_layer_cave, okawaru_gym_becter, minmay_temple_entry_mini_moons,
          uniq_pikel
D:7:      layout_cave_pods, grunt_temple_overflow_forces_of_nature,
          grunt_temple_overflow_open, uniq_duvessa
D:8:      layout_basic, lemuel_crystal_altar
D:9:      layout_roguey, the_bakery, minivault_7
D:10:     layout_loops_cross, minmay_lair_entry_grove, kennysheep_doodads,
          uniq_sonja
D:11:     layout_stronghold, chequers_guarded_unrand_ignorance
Temple:   cyrus_circular_temple
Lair:1:   layout_regular_city, basic_altar, st_stairs_11
Lair:2:   layout_regular_city, serial_bayou_shore_b

Skill      XL: |  1  2  3  4  5  6  7  8  9 10 11 |
---------------+----------------------------------+-----
Transmutations | 3 4 5 6 8 |  8.3
Unarmed Combat | 4 5 7 10 | 10.0
Poison Magic   | 3 4 5 |  5.0
Spellcasting   | 4 6 9 |  9.2
Ice Magic      | 4 |  4.0
Fighting       | 4 5 |  5.1
Dodging        | 6 |  6.0
Earth Magic    | 3 |  3.1
Invocations    | 2 |  2.7

Action                   |  1- 3 |  4- 6 |  7- 9 | 10-12 || total
-------------------------+-------+-------+-------+-------++-------
Melee: Unarmed           |    72 |   168 |   268 |   459 ||   967
       Constrict         |    19 |    35 |    25 |     8 ||    87
       Tentacles         |    11 |    17 |    19 |    11 ||    58
       Punch             |     2 |     5 |     2 |     3 ||    12
       Kick              |       |    19 |    10 |    10 ||    39
 Cast: Beastly Appendage |     2 |    11 |    10 |     7 ||    30
       Spider Form       |       |     5 |    20 |    24 ||    49
       Sticks to Snakes  |       |     3 |     2 |     7 ||    12
       Ice Form          |       |       |     4 |    26 ||    30
       Petrify           |       |       |       |     4 ||     4
Invok: Heroism           |       |       |       |     3 ||     3
 Abil: End Transformatio |       |       |       |     3 ||     3
Evoke: Wand              |       |       |       |     1 ||     1
  Use: Scroll            |       |     8 |       |     7 ||    15
       Potion            |       |       |       |     1 ||     1
 Stab: Sleeping          |     6 |     6 |     2 |       ||    14
       Distracted        |       |       |     2 |       ||     2
       Petrified         |       |       |       |     8 ||     8
  Eat: Chunk             |     2 |     6 |    11 |    20 ||    39
       Ration            |       |     1 |     4 |     4 ||     9
Armor: Skin              |     4 |     6 |    17 |    65 ||    92
Dodge: Dodged            |    48 |   102 |   188 |   281 ||   619
